 Dungeon Crawl Stone Soup version 0.18.1-48-g4cf74bf (webtiles) character file.

10435 Metae the Fighter (level 11, -8/110 HPs)
             Began as a Minotaur Fighter on July 4, 2016.
             Was a Priest of the Shining One.
             Mangled by an eight-headed hydra (10 damage)
             ... on level 2 of the Lair of Beasts.
             The game lasted 01:05:24 (8905 turns).

Metae the Fighter (Minotaur Fighter)                Turns: 8905, Time: 01:05:28

Health: -8/110     AC: 16    Str: 27    XL:     11   Next: 36%
Magic:  13/13      EV: 10    Int:  7    God:    the Shining One [***...]
Gold:   215        SH: 15    Dex: 14    Spells: 0 memorised, 10 levels left

rFire  + . .     SeeInvis .     O - +8 mithril axe "Arga" {speed, MR+ Str+2}
rCold  + . .     Gourm    .     J - +0 chain mail
rNeg   + . .     Faith    .     c - +0 shield
rPois  .         Spirit   .     (helmet restricted)
rElec  .         Dismiss  .     L - +1 cloak
rCorr  .         Reflect  +     I - +0 pair of gloves
SustAt .         Harm     .     U - +0 pair of boots {Stlth+}
MR     +....                    q - +3 amulet of reflection
Stlth  +.........               Q - +3 ring of strength
                                o - +2 ring of intelligence

@: about to teleport, glowing, somewhat resistant to hostile enchantments, very
unstealthy
A: retaliatory headbutt, hooves 1, horns 2, agile 1, blink, cold resistance 1,
fire resistance 1, robust 1
a: Blink, Divine Shield, Renounce Religion


You were on level 2 of the Lair of Beasts.
You worshipped the Shining One.
The Shining One was most pleased with you.
You were not hungry.

You visited 3 branches of the dungeon, and saw 12 of its levels.

You collected 305 gold pieces.
You spent 90 gold pieces at shops.

Inventory:

Hand Weapons
 v - a +0 flail of holy wrath
 D - the +1 mace "Bobumeel" {drain, rN+ Str+4 Dex+4}
   (You found it on level 1 of the Lair of Beasts)

   A truly terrible weapon, it drains the life of those it strikes.
   It affects your strength (+4).
   It affects your dexterity (+4).
   It protects you from negative energy.
   The Shining One disapproves of the use of such an item.
 O - the +8 mithril axe "Arga" (weapon) {speed, MR+ Str+2}
   (You found it on level 7 of the Dungeon)

   Attacks with this weapon are significantly faster.
   It affects your strength (+2).
   It affects your resistance to hostile enchantments.
Armour
 c - a +0 shield (worn)
 I - a +0 pair of gloves (worn)
 J - a +0 chain mail (worn)
 L - a +1 cloak (worn)
 U - a +0 pair of boots of stealth (worn)
Jewellery
 h - an uncursed ring of magical power
 o - a +2 ring of intelligence (left hand)
 q - a +3 amulet of reflection (around neck)
 u - an uncursed amulet of faith
 Q - a +3 ring of strength (right hand)
 S - an uncursed ring of protection from cold
Wands
 b - a wand of paralysis (8/24)
 p - a wand of digging (8/24)
 y - a wand of lightning (6/15)
 A - a wand of polymorph (10/24)
 K - a wand of flame (17/48)
 W - a wand of disintegration (18/24)
 X - a wand of flame (28/48)
Scrolls
 e - 2 scrolls of amnesia
 i - a scroll of fear {unknown}
 k - a scroll of remove curse
 n - 2 scrolls of teleportation
 r - 3 scrolls of fog {unknown}
 w - 3 scrolls of magic mapping
 z - a scroll of recharging
 B - 2 scrolls of enchant armour {unknown}
 N - 2 scrolls of random uselessness {unknown}
 P - 3 scrolls of noise
 T - a scroll of immolation {unknown}
 V - a scroll of identify
 Y - a scroll of blinking {unknown}
 Z - a scroll of silence {unknown}
Potions
 d - 2 potions of might
 j - 2 potions of curing
 l - 2 potions of cancellation {unknown}
 s - a potion of berserk rage {unknown}
 t - 3 potions of brilliance {unknown}
 x - 3 potions of agility {unknown}
 C - 4 potions of flight {unknown}
 F - a potion of resistance {unknown}
 G - 2 potions of lignification {unknown}
 M - 2 potions of haste {unknown}
Books
 a - a book of the Tempests

   Spells                             Type                      Level
   a - Static Discharge               Conjuration/Air              3
   b - Lightning Bolt                 Conjuration/Air              5
   c - Fireball                       Conjuration/Fire             5
   d - Tornado                        Air                          9
   e - Shatter                        Earth                        9
Comestibles
 f - 3 bread rations
 g - 3 meat rations
 m - 12 chunks of flesh
 E - 5 beef jerkies
 H - 5 fruits
 R - 7 slices of pizza


   Skills:
 * Level 10.2 Fighting
 * Level 4.3(6.6) Axes
 + Level 5.8(6.5) Maces & Flails
   Level 4.7(5.5) Polearms
   Level 4.3 Bows
 * Level 10.0 Armour
 + Level 6.1 Dodging
 + Level 4.6 Stealth
 + Level 8.2 Shields
 * Level 4.3 Invocations
 + Level 3.0 Evocations


You had 10 spell levels left.
You didn't know any spells.

Dungeon Overview and Level Annotations

Branches:
Dungeon (9/15)             Temple (1/1) D:6            Lair (2/8) D:9
    Orc: D:9-12

Altars:
Ashenzari
Cheibriados
Elyvilon
Kikubaaqudgha
Makhleb
Nemelex Xobeh
Okawaru
Pakellas
Qazlal
Sif Muna
Trog
Vehumet
Xom
Yredelemnul
Zin
The Shining One

Shops:
D:6 %[*   D:7 :


Innate Abilities, Weirdness & Mutations

You reflexively headbutt those who attack you in melee.
You have a pair of horns on your head.
You have large cloven feet.
You are agile. (Dex +2)
You can translocate small distances at will.
Your flesh is cold resistant.
Your flesh is heat resistant.
You are robust (+10% HP).


Message History

You block the eight-headed hydra's attack. x3
The eight-headed hydra closely misses you.
The eight-headed hydra bites you!
* * * LOW HITPOINT WARNING * * *
The eight-headed hydra bites you but does no damage.
You block the eight-headed hydra's attack.
The eight-headed hydra bites you.
* * * LOW HITPOINT WARNING * * *
Read which item? (? for menu, Esc to quit)
Okay, then.
Okay, then.
Read which item? (? for menu, Esc to quit)
As you read the scroll of teleportation, it crumbles to dust.
You feel strangely unstable.
The river rat bites you but does no damage.
You block the eight-headed hydra's attack. x2
The eight-headed hydra closely misses you.
The eight-headed hydra barely misses you.
The eight-headed hydra bites you!
You die...

.....#.#..+......#
.....#....#......########.
.......#....#....#.#..P#..
.....#..##..#.............
.....#......#.............
......#...##..............
.............÷.........>..
.................D........
.#P#.#.#........@r.†......
# #..........†....... ##
###.................. .#
##.#.###.###.#........
.####..#..#### ####.......
.........## .......
..........# .####..
.........## .# #.
.........#


You could see an eight-headed hydra and a river rat.

Vanquished Creatures
  The ghost of nikopol the Spear-Bearer, a journeyman MiBe of Trog (Lair:2)
  The ghost of Metae the Blocker, a novice MiFi of the Shining One (D:8)
  The ghost of nikopol the Fighter, a novice MiBe of Trog (D:7)
  The ghost of Rationalist the Shield-Bearer, a novice FoFi (D:6)
  A spiny frog (Lair:1)
  2 komodo dragons
  Prince Ribbit (D:7)
  4 blink frogs (Lair:2)
  A wyvern (D:9)
  Eustachio (D:6)
  A hog (D:7)
  A human (D:7)
  A yak (D:7)
  A wraith (D:9)
  2 hungry ghosts
  A hippogriff (Lair:2)
  Menkaure (D:6)
  2 water moccasins
  3 porcupines (Lair:1)
  Duvessa (D:6)
  2 ice beasts
  2 orc warriors
  3 sky beasts
  A black bear (Lair:1)
  An ogre (D:5)
  2 necrophages
  3 wolves (Lair:1)
  3 centaurs (D:5)
  4 crocodiles
  Blork the orc (D:5)
  Dowan (D:6)
  9 giant frogs
  2 scorpions
  A wight (D:9)
  A troll skeleton (D:9)
  7 crimson imps
  3 jellies
  A giant frog zombie (D:7)
  2 hounds
  6 human zombies (D:9)
  4 orc priests
  5 giant frog skeletons
  2 human skeletons (D:9)
  2 iguanas
  12 orc wizards
  6 worker ants
  2 sheep (D:7)
  2 hound skeletons
  A mummy (D:9)
  A howler monkey zombie (D:5)
  2 worker ant zombies (D:5)
  7 gnolls
  15 adders
  4 river rats (Lair:2)
  A shadow imp (D:8)
  An ooze (D:5)
  An adder zombie (D:7)
  3 adder skeletons
  A worm (D:2)
  6 dart slugs
  3 giant geckos
  24 orcs
  2 ball pythons
  5 bats
  3 giant cockroaches
  9 goblins
  9 hobgoblins
  8 jackals
  3 quokkas
  4 giant newts
  8 kobolds
  8 rats
  2 fungi (D:9)
249 creatures vanquished.

Vanquished Creatures (others)
  2 fungi (Lair:2)
2 creatures vanquished.

Grand Total: 251 creatures vanquished

Notes
Turn   | Place    | Note
--------------------------------------------------------------
     0 | D:1      | Metae the Minotaur Fighter began the quest for the Orb.
     0 | D:1      | Reached XP level 1. HP: 19/19 MP: 0/0
   170 | D:1      | Reached XP level 2. HP: 23/27 MP: 1/1
   344 | D:1      | Reached XP level 3. HP: 33/33 MP: 2/2
   729 | D:2      | Reached XP level 4. HP: 37/40 MP: 3/3
   768 | D:2      | Found a glowing golden altar of the Shining One.
   792 | D:2      | Became a worshipper of the Shining One
  1040 | D:2      | Found an oddly glowing altar of Pakellas.
  1040 | D:2      | Found a glowing silver altar of Zin.
  1711 | D:3      | Reached skill level 1 in Dodging
  1737 | D:3      | Reached XP level 5. HP: 36/47 MP: 4/4
  1785 | D:3      | Reached skill level 5 in Armour
  1785 | D:3      | Reached skill level 1 in Stealth
  2019 | D:3      | Reached skill level 5 in Fighting
  2051 | D:4      | Reached XP level 6. HP: 37/56 MP: 5/5
  2240 | D:4      | Reached * piety under the Shining One
  2241 | D:4      | Reached skill level 1 in Maces & Flails
  2507 | D:5      | Entered Level 5 of the Dungeon
  2598 | D:5      | Reached XP level 7. HP: 54/62 MP: 6/6
  2645 | D:5      | Found an iron altar of Okawaru.
  2809 | D:5      | Reached skill level 5 in Shields
  2814 | D:5      | Noticed Blork the orc
  2822 | D:5      | Killed Blork the orc
  3133 | D:5      | Reached XP level 8. HP: 71/71 MP: 7/7
  3158 | D:5      | Reached ** piety under the Shining One
  3356 | D:6      | Noticed Eustachio
  3370 | D:6      | Killed Eustachio
  3386 | D:6      | Found Tyidif's Assorted Antiques.
  3444 | D:6      | Found a shattered altar of Ashenzari.
  3482 | D:6      | Noticed Duvessa
  3482 | D:6      | Noticed Dowan
  3489 | D:6      | Killed Duvessa
  3491 | D:6      | Found Totosudd's Antique Armour Shop.
  3493 | D:6      | Noticed Menkaure
  3879 | D:6      | Reached skill level 1 in Bows
  4003 | D:6      | Gained mutation: You can translocate small distances at will. [mutagenic meat]
  4004 | D:6      | Gained mutation: Your flesh is heat resistant. [mutagenic meat]
  4023 | D:6      | Found a staircase to the Ecumenical Temple.
  4055 | D:6      | Noticed Rationalist's ghost (novice FoFi)
  4083 | D:6      | Killed Rationalist's ghost
  4083 | D:6      | Reached skill level 1 in Invocations
  4083 | D:6      | Reached skill level 1 in Evocations
  4090 | D:6      | Reached XP level 9. HP: 37/79 MP: 8/8
  4104 | D:6      | Bought a runed cloak for 90 gold pieces
  4229 | D:6      | Found Ezuzafu's Food Shop.
  4296 | D:6      | Killed Dowan
  4480 | D:6      | Killed Menkaure
  4481 | D:6      | Found a sparkling altar of Nemelex Xobeh.
  4565 | Temple   | Entered the Ecumenical Temple
  4774 | D:7      | Gained mutation: You have large cloven feet. [mutagenic meat]
  4775 | D:7      | Gained mutation: Your flesh is cold resistant. [mutagenic meat]
  4777 | D:7      | Gained mutation: You are robust (+10% HP). [mutagenic meat]
  4778 | D:7      | Gained mutation: You are agile. (Dex +2) [mutagenic meat]
  4818 | D:7      | Reached *** piety under the Shining One
  4841 | D:7      | Found Zoycs's Book Shoppe.
  4871 | D:7      | Noticed nikopol's ghost (novice MiBe)
  4873 | D:7      | Noticed Prince Ribbit
  4894 | D:7      | Killed nikopol's ghost
  4992 | D:7      | Killed Prince Ribbit
  5154 | D:7      | Reached XP level 10. HP: 94/99 MP: 10/10
  5387 | D:8      | Noticed Metae's ghost (novice MiFi)
  5388 | D:8      | Reached **** piety under the Shining One
  5411 | D:8      | Killed Metae's ghost
  5411 | D:8      | Reached skill level 1 in Axes
  5411 | D:8      | Reached skill level 5 in Maces & Flails
  5428 | D:8      | Reached skill level 5 in Dodging
  5660 | D:8      | Found a burning altar of Makhleb.
  6061 | D:9      | Found a deep blue altar of Sif Muna.
  6291 | D:9      | Found a staircase to the Lair.
  6731 | D:9      | Found an ancient bone altar of Kikubaaqudgha.
  6734 | D:9      | Reached ***** piety under the Shining One
  6915 | Lair:1   | Entered Level 1 of the Lair of Beasts
  7163 | Lair:1   | Got an ancient mace
  7179 | Lair:1   | Identified the cursed +1 mace "Bobumeel" {drain, rN+ Str+4 Dex+4} (You found it on level 1 of the Lair of Beasts)
  7599 | Lair:1   | Noticed a spiny frog
  7604 | Lair:1   | Killed a spiny frog
  7604 | Lair:1   | Reached XP level 11. HP: 108/108 MP: 12/12
  7885 | Lair:2   | Noticed a five-headed hydra
  7937 | Lair:2   | HP: 4/108 [nine-headed hydra (2)]
  8492 | Lair:2   | Noticed nikopol's ghost (journeyman MiBe)
  8502 | Lair:2   | Killed nikopol's ghost
  8502 | Lair:2   | Reached skill level 10 in Fighting
  8522 | Lair:2   | Reached skill level 10 in Armour
  8891 | Lair:2   | Noticed a five-headed hydra
  8903 | Lair:2   | HP: 2/110 [eight-headed hydra (5)]
  8905 | Lair:2   | Mangled by an eight-headed hydra

Skill      XL: |  1  2  3  4  5  6  7  8  9 10 11 |
---------------+----------------------------------+-----
Armour         | 4 5 6 7 8 9 10 | 10.0
Fighting       | 4 5 6 7 8 9 10 | 10.2
Shields        | 4 5 6 7 8 |  8.2
Dodging        | 1 2 3 4 5 6 |  6.1
Polearms       | 3 4 |  4.7
Stealth        | 1 2 3 4 |  4.6
Maces & Flails | 1 2 3 4 5 |  5.8
Bows           | 1 3 4 |  4.3
Invocations    | 1 2 3 4 |  4.3
Evocations     | 1 2 3 |  3.0
Axes           | 3 4 |  4.3

Action                   |  1- 3 |  4- 6 |  7- 9 | 10-12 || total
-------------------------+-------+-------+-------+-------++-------
Melee: Trident           |    81 |   108 |       |       ||   189
       Headbutt          |    17 |    33 |    56 |    61 ||   167
       Flail             |       |    66 |   255 |     8 ||   329
       Kick              |       |       |    22 |    18 ||    40
       Broad axe         |       |       |       |   228 ||   228
Invok: Divine Shield     |       |       |     1 |     1 ||     2
 Abil: Blink             |       |       |       |     1 ||     1
Evoke: Wand              |       |       |     7 |     3 ||    10
  Use: Scroll            |       |     3 |     2 |    14 ||    19
       Potion            |       |       |     2 |     4 ||     6
  Eat: Chunk             |       |     6 |    12 |     4 ||    22
       Bread ration      |       |       |     1 |     2 ||     3
       Meat ration       |       |       |       |     1 ||     1
Armor: Scale mail        |    25 |    69 |    30 |       ||   124
       Chain mail        |       |       |    82 |   113 ||   195
Dodge: Dodged            |    11 |    46 |    78 |    72 ||   207
Block: Shield            |    29 |    70 |   131 |   143 ||   373
